 Dungeon Crawl Stone Soup version 0.25-b1-37-g2669288c55 (webtiles) character file.

Game seed: 12820392857385098937

25 DungeonMaster the Magician (level 2, -10/19 HPs)
             Began as a Demonspawn Wizard on June 5, 2020.
             Killed by divine providence
             ... invoked by an orc priest
              (17 damage)
             ... on level 3 of the Dungeon.
             The game lasted 00:07:32 (1539 turns).

DungeonMaster the Magician (Demonspawn Wizard)      Turns: 1539, Time: 00:07:33

Health: -10/19     AC:  3    Str:  7    XL:     2   Next: 86%
Magic:  6/6        EV: 12    Int: 19    God:
Gold:   57         SH:  0    Dex: 11    Spells: 5/8 levels left

rFire    . . .     SeeInvis .   a - +1 club
rCold    . . .     Gourm    .   (no shield)
rNeg     . . .     Faith    .   g - +0 robe
rPois    .         Spirit   .   e - +0 helmet
rElec    .         Reflect  .   (no cloak)
rCorr    .         Harm     .   (no gloves)
MR       .....                  (no boots)
Stlth    ++........             (no amulet)
HPRegen  0.06/turn              (no ring)
MPRegen  0.10/turn              (no ring)

@: no status effects
A: talons 1
a: no special abilities


You were on level 3 of the Dungeon.
You were hungry.

You visited 1 branch of the dungeon, and saw 3 of its levels.

You collected 57 gold pieces.

Inventory:

Hand Weapons
 a - a +1 club (weapon)
Missiles
 c - 3 javelins (quivered)
 i - 36 poisoned darts
 k - 3 stones
Armour
 e - a +0 helmet (worn)
 g - a +0 robe (worn)
Potions
 b - a potion of magic {unknown}
 f - 3 potions of curing {unknown}
 h - a potion of might {unknown}
 j - a potion of lignification {unknown}
 l - a potion of heal wounds {unknown}
Comestibles
 d - 4 rations


   Skills:
 - Level 1.7 Dodging
 - Level 1.7 Stealth
 * Level 3.5 Spellcasting
 * Level 2.1 Conjurations
   Level 1.0 Summonings
 - Level 0.8 Translocations


You had 5 spell levels left.
You knew the following spells:

 Your Spells              Type           Power        Failure   Level  Hunger
a - Magic Dart            Conj           ##..         6%          1    None
b - Blink                 Tloc           N/A          16%         2    ##.....

Your spell library contained the following spells:

 Spells                   Type           Power        Failure   Level  Hunger
 Call Imp                 Summ           #.......     14%         2    ##.....
 Slow                     Hex            #.......     22%         2    ##.....
 Conjure Flame            Conj/Fire      #.......     28%         3    ###....
 Mephitic Cloud           Conj/Pois/Air  #.......     32%         3    ###....


Dungeon Overview and Level Annotations

Branches:
Dungeon (3/15)

Altars:

Annotations:
D:2 Terence


Innate Abilities, Weirdness & Mutations

You have sharp toenails.


Message History

Level annotation: Terence Terence shouts!
There is a stone staircase leading down here.
You climb downwards.
A frilled lizard, a giant cockroach, a goblin and 5 orcs come into view.
Found 2 rations and a ruby potion.
There is a stone staircase leading up here.
You aren't carrying any scrolls.
Unknown command.
The orc priest shouts! x2; The orc shouts! x2
The orc priest calls down the wrath of Beogh upon you.
Beogh smites you!
Ouch! That really hurt!
The frilled lizard hisses angrily.
The orc priest looks satisfied for a moment.
The orc priest barely misses you.
The orc priest mumbles some strange prayers to Beogh against you.
Beogh smites you!
Ouch! That really hurt!
You die...

.# .. #.#
#####s.
.......
.......
......s#####
....%.oogo.###
......o...o@.#
.......!.l.#.#
......%....#.#
...........#.#
...........#.#
#####......#.#
#......#..
#......#..


You could see 2 orc priests, 3 orcs, a giant cockroach, a goblin and a frilled
lizard.

Vanquished Creatures
  2 leopard geckos
  6 bats
  3 hobgoblins (D:1)
  3 frilled lizards
  4 goblins (D:1)
  3 kobolds (D:1)
  3 rats (D:1)
24 creatures vanquished.

Notes
Turn   | Place    | Note
-------+----------+-------------------------------------------
     0 | D:1      | DungeonMaster the Demonspawn Wizard began the quest for the
                  | Orb.
     0 | D:1      | Reached XP level 1. HP: 13/13 MP: 4/4
   378 | D:2      | Noticed Terence
   406 | D:1      | Gained mutation: You have sharp toenails. [demonic
                  | ancestry]
   406 | D:1      | Reached XP level 2. HP: 12/19 MP: 3/6
   874 | D:1      | Learned a level 2 spell: Blink
  1539 | D:3      | Killed from afar by an orc priest

Illustrated notes

Levels and vault maps discovered:
D:1:      elethiomel_arrival_infinity_welcomes_careful_drivers,
          layout_loops_corners, serial_bayou_ford_a, st_stairs_14,
          corexii_item_surrounded_by_moat, minmay_tall_x
D:2:      layout_rooms, uniq_terence
D:3:      layout_rooms, first_ration, minmay_rat_hole

Skill      XL: |  1  2 |
---------------+-------+-----
Conjurations   | 2 |  2.1
Dodging        | |  1.7
Stealth        | |  1.7
Spellcasting   | |  3.5
Summonings     | |  1.0
Translocations | |  0.8

Action                   || total
-------------------------++-------
Melee: Club              ||     2
 Cast: Magic Dart        ||    49
  Use: Scroll            ||     4
       Potion            ||     1
 Stab: Sleeping          ||     2
  Eat: Chunk             ||     1
Armor: Robe              ||     2
Dodge: Dodged            ||    12
